 Dungeon Crawl Stone Soup version 0.20.0-15-g7f486f2 (console) character file.

107 removed the Grave Robber (level 4, -1/21 HPs)
             Began as a Spriggan Necromancer on June 10, 2017.
             Was an Initiate of Dithmenos.
             Blown up by Ijyb (17 damage)
             ... with a wand of disintegration (?/24)
             ... on level 3 of the Dungeon.
             The game lasted 00:03:19 (3367 turns).

removed the Grave Robber (Spriggan Necromancer)     Turns: 3367, Time: 00:03:19

Health: -1/21      AC:  2    Str:  4    XL:     4   Next: 56%
Magic:  5/11       EV: 18    Int: 17    God:    Dithmenos [......]
Gold:   89         SH:  0    Dex: 16    Spells: 11/12 levels left

rFire    . . .     SeeInvis +   g - -2 dagger (curse)
rCold    . . .     Gourm    .   (shield restricted)
rNeg     . . .     Faith    .   j - +0 robe (curse)
rPois    .         Spirit   .   (helmet restricted)
rElec    .         Reflect  .   (no cloak)
rCorr    .         Harm     .   (gloves unavailable)
MR       .....                  (boots unavailable)
Stlth    ++........             (no amulet)
Regen    0.1/turn               (no ring)
MPRegen  0.2/turn               (no ring)

@: very slightly contaminated, very quick
A: unfitting armour, see invisible, herbivore 3, speed 3, slow metabolism 2
a: Renounce Religion


You were on level 3 of the Dungeon.
You worshipped Dithmenos.
Dithmenos was noncommittal.
You were not hungry.

You visited 1 branch of the dungeon, and saw 3 of its levels.

You collected 89 gold pieces.

Inventory:

Hand Weapons
 g - a cursed -2 dagger (weapon)
Missiles
 f - a throwing net (quivered)
Armour
 a - a +0 robe
 j - a cursed +0 robe (worn)
Jewellery
 r - an uncursed ring of fire
 s - an uncursed ring of resist corrosion {unknown}
Scrolls
 h - 3 scrolls of identify {unknown}
 n - a scroll of blinking {unknown}
 o - a scroll of remove curse {unknown}
 p - a scroll of immolation {unknown}
 q - a scroll of amnesia {unknown}
 t - a scroll of teleportation {unknown}
 u - a scroll of enchant weapon {unknown}
Potions
 d - a potion of berserk rage {unknown}
 e - a potion of ambrosia {unknown}
 i - 2 potions of lignification {unknown}
 k - a potion of curing {unknown}
 m - a potion of heal wounds {unknown}
Books
 b - a book of Necromancy

   Spells                             Type                      Level
   a - Pain                           Necromancy                   1
   b - Animate Skeleton               Necromancy                   1
   c - Vampiric Draining              Necromancy                   3
   d - Regeneration                   Charms/Necromancy            3
   e - Animate Dead                   Necromancy                   4
   f - Control Undead                 Necromancy                   4
Comestibles
 c - 3 bread rations
 l - a royal jelly


   Skills:
 - Level 3.0 Dodging
 - Level 3.0 Stealth
 + Level 4.6 Spellcasting
 + Level 4.6 Necromancy


You had 11 spell levels left.
You knew the following spells:

 Your Spells              Type           Power        Failure   Level  Hunger
a - Pain                  Necr           ###.         2%          1    None


Dungeon Overview and Level Annotations

Branches:
Dungeon (3/15)

Altars:
Dithmenos
Sif Muna

Annotations:
D:3 Ijyb


Innate Abilities, Weirdness & Mutations

You are very small and have problems with some larger weapons.
You are too small for most types of armour.
You have supernaturally acute eyesight. (SInv)
You are a herbivore.
You cover ground extremely quickly.
You need consume almost no food.


Message History

Aim: Ijyb, wielding a club and wearing a scale mail (lightly wounded, chance to defeat MR: 84%) Ijyb writhes in agony!
Ijyb misses you.
Casting: Pain
Confirm with . or Enter, or press ? or * to list all spells.
Aiming: Pain
Press: ? - help, Shift-Dir - straight line, f/p - Ijyb
Aim: Ijyb, wielding a club and wearing a scale mail (moderately wounded, chance to defeat MR: 84%) Ijyb writhes in agony!
Ijyb misses you.
Found 24 stones.
Casting: Pain
Confirm with . or Enter, or press ? or * to list all spells.
Aiming: Pain
Press: ? - help, Shift-Dir - straight line, f/p - Ijyb
Aim: Ijyb, wielding a club and wearing a scale mail (moderately wounded, chance to defeat MR: 84%)
You miscast Pain.
You are very lightly contaminated with residual magic.
Nothing appears to happen.
Ijyb zaps a wand.
You are blasted!
Ouch! That really hurt!
You die...

#....%....
#.########.. #.
..! ##########
#.######## ##
#........#
#...g)....
#........# #..####
#........# #...g.#
'....[...# ##.##.#
#........# #.##@#
#........# #.##.#
#........####.##.#
##............##.#
###############.#
(.# ###


You could see Ijyb.

Vanquished Creatures
  Terence (D:2)
  An adder (D:2)
  2 worms
  3 dart slugs
  4 leopard geckos (D:1)
  A ball python (D:2)
  A giant cockroach (D:3)
  8 goblins
  7 hobgoblins
  3 jackals
  7 kobolds
  8 bats
  3 frilled lizards
  6 rats
55 creatures vanquished.

Notes
Turn   | Place    | Note
-------+----------+-------------------------------------------
     0 | D:1      | removed the Spriggan Necromancer began the quest for the Orb.
     0 | D:1      | Reached XP level 1. HP: 9/9 MP: 5/5
   335 | D:1      | Reached XP level 2. HP: 11/13 MP: 2/7
  1303 | D:1      | Reached XP level 3. HP: 16/16 MP: 7/9
  1968 | D:2      | Noticed Terence
  1995 | D:2      | Killed Terence
  1995 | D:2      | Reached XP level 4. HP: 11/21 MP: 1/11
  2237 | D:2      | Found a shadowy altar of Dithmenos.
  2243 | D:2      | Became a worshipper of Dithmenos the Shadowed
  3200 | D:3      | Found a deep blue altar of Sif Muna.
  3355 | D:3      | Noticed Ijyb
  3367 | D:3      | Blown up by Ijyb

Skill      XL: |  1  2  3 |
---------------+----------+-----
Spellcasting   | 3 4 |  4.6
Necromancy     | 4 |  4.6
Dodging        | |  3.0
Stealth        | |  3.0

Action                   |  1- 3 |  4- 6 || total
-------------------------+-------+-------++-------
 Cast: Pain              |    75 |    52 ||   127
Armor: Robe              |     1 |       ||     1
Dodge: Dodged            |     9 |    19 ||    28
